 Dungeon Crawl Stone Soup version 0.30.1-4-g462c640d31 (webtiles) character file.

Game seed: 12865537963928849005

109 lonewolfV2 the Conjurer (level 4, -1/34 HPs)
             Began as a Demigod Conjurer on Aug 25, 2023.
             Slain by an iguana (2 damage)
             ... on level 4 of the Dungeon on Aug 28, 2023.
             The game lasted 00:11:33 (4045 turns).

lonewolfV2 the Conjurer (Demigod Conjurer)          Turns: 4045, Time: 00:11:33

Health: -1/34      AC:  2    Str:  8    XL:     4   Next: 35%
Magic:  0/10       EV: 12    Int: 30    God:
Gold:   87         SH:  0    Dex: 12    Spells: 1/8 levels left

rFire   . . .        (no weapon)
rCold   . . .        (no shield)
rNeg    . . .        a - +0 robe
rPois   .            (no helmet)
rElec   .            (no cloak)
rCorr   .            (no gloves)
SInv    .            (no boots)
Will    .....        (no amulet)
Stlth   ++           g - +6 ring of intelligence
HPRegen 0.25/turn    o - ring of wizardry
MPRegen 0.12/turn

%: wizardry (x1)
@: no status effects
A: high MP 1, forlorn, divine attributes
a: no special abilities


You were on level 4 of the Dungeon.
You visited 1 branch of the dungeon, and saw 4 of its levels.

You collected 87 gold pieces.

Inventory:

Armour
 a - a +0 robe (worn)
Jewellery
 g - a +6 ring of intelligence (left hand)
 l - a +4 ring of protection
 o - a ring of wizardry (right hand)
Scrolls
 i - a scroll of fear
 m - a scroll of fog
Potions
 b - a potion of magic
 d - a potion of lignification {unknown}
 e - 2 potions of attraction
 f - 2 potions of mutation {unknown}
 h - 3 potions of ambrosia
 k - a potion of cancellation {unknown}
 n - 2 potions of heal wounds {unknown}


   Skills:
 + Level 0.3 Fighting
 + Level 2.1 Dodging
 + Level 2.1 Stealth
 + Level 0.2 Unarmed Combat
 + Level 2.5 Spellcasting
 + Level 4.6 Conjurations


You had one spell level left.
You knew the following spells:

 Your Spells              Type           Power      Damage    Failure   Level
a - Magic Dart            Conj           100%       1d8       1%          1
b - Searing Ray           Conj           62%        2d6       1%          2
c - Fulminant Prism       Conj/Hex       8%         3d7       12%         4

Your spell library contained the following spells:

 Spells                   Type           Power      Damage    Failure   Level
 Dazzling Flash           Conj/Hex       34%        N/A       3%          3
 Iskenderun's Mystic Bla  Conj/Tloc      17%        2d5       12%         4


Dungeon Overview and Level Annotations

Branches:
Dungeon (4/15)
 Temple: D:4-7

Annotations:
D:3 exclusion: oklob plant


Innate Abilities, Weirdness & Mutations

You have an increased reservoir of magic. (+10% MP)
You shall have no god before yourself.
Your divine heritage dramatically boosts your attributes as you level up.


Message History

Confirm with . or Enter, or press ? or * to list all spells.
You don't know that spell.
Casting: Magic Dart (safe; 1% risk of failure)
Confirm with . or Enter, or press ? or * to list all spells.
Aiming: Searing Ray (safe; 1% risk of failure)
Press: ? - help, Shift-Dir - straight line, f/p - iguana
Aim: an iguana (lightly wounded, 82% to hit)
The searing ray hits the iguana.
The iguana is moderately wounded. (Press . to maintain the ray.)
The iguana barely misses you.
The searing ray hits the iguana.
The iguana is heavily wounded.
The iguana bites you!
The searing ray hits the iguana.
The iguana is severely wounded.
The iguana bites you.
Without enough magic to sustain it, your searing ray dissipates.
The iguana bites you. The iguana misses you. The iguana closely misses you.
The iguana closely misses you. The iguana attacks as you move away!
The iguana bites you.
* * * LOW HITPOINT WARNING * * *
Casting: Searing Ray (safe; 1% risk of failure)
Confirm with . or Enter, or press ? or * to list all spells.
Aiming: Magic Dart (safe; 1% risk of failure)
Press: ? - help, Shift-Dir - straight line, f/p - iguana
Aim: an iguana (severely wounded, 100% to hit)
The magic dart hits the iguana.
The iguana is almost dead.
The iguana bites you!
* * * LOW HITPOINT WARNING * * *
You barely miss the iguana.
The iguana is almost dead.
The iguana closely misses you.
You hit the iguana but do no damage.
The iguana is almost dead.
The iguana bites you.
You die...

#+##... ##...#>#
##).....#
.######.......##
...............#
###+###........+
#..$..#........##.#
#.$...#........!...
#.._$.#...l@.###
#..$..#.#...##
#....$#...+##
#######.##.
........# .#
######.## .# #. ..
#. ..


You could see an iguana.

Vanquished Creatures
  A gnoll (D:1)
  2 adders
  A worm (D:3)
  3 dart slugs (D:3)
  2 orcs (D:3)
  4 ball pythons
  7 bats
  6 endoplasms
  3 giant cockroaches
  8 goblins
  7 hobgoblins
  2 jackals (D:2)
  2 kobolds (D:1)
  5 quokkas
  4 frilled lizards
  5 rats
62 creatures vanquished.

Vanquished Creatures (others)
  5 fulminant prisms
5 creatures vanquished.

Grand Total: 67 creatures vanquished

Notes
Turn   | Place    | Note
-------+----------+-------------------------------------------
     0 | D:1      | lonewolfV2 the Demigod Conjurer began the quest for the
                  | Orb.
     0 | D:1      | Reached XP level 1. HP: 14/14 MP: 5/5
   221 | D:1      | Reached skill level 4 in Conjurations
   221 | D:1      | Reached XP level 2. HP: 13/20 MP: 1/7
   278 | D:1      | Learned a level 2 spell: Searing Ray
  1200 | D:1      | Reached XP level 3. HP: 26/26 MP: 5/8
  2960 | D:3      | Reached XP level 4. HP: 33/33 MP: 7/10
  2965 | D:3      | Learned a level 4 spell: Fulminant Prism
  3938 | D:3      | Noticed an oklob plant
  4043 | D:4      | HP: 1/34 [iguana (10)]
  4045 | D:4      | Slain by an iguana

Illustrated notes

Levels and vault maps discovered:
D:1:      onia_arrival_handbag, layout_basic,
          shapermc_ecumenical_altar_acropolis, minmay_tetromino_t4
D:2:      layout_basic, nicolae_concentric_dashed_squares_wild
D:3:      layout_rooms, tso_altar, tgw_fedhas, minmay_misc_feat_roman
D:4:      layout_loops_corners, amcnicky_altar_gilded, jmf_multi_god_temple,
          minmay_temple_entry_slanted, uniq_crazy_yiuf_cottage, uniq_grinder

Skill      XL: |  1  2  3  4 |
---------------+-------------+-----
Conjurations   | 4 |  4.6
Spellcasting   | 2 |  2.5
Stealth        | 2 |  2.1
Dodging        | 2 |  2.1
Fighting       | |  0.3
Unarmed Combat | |  0.2

Action                     |  1- 3 |  4- 6 || total
---------------------------+-------+-------++-------
  Melee: Unarmed           |     4 |    11 ||    15
   Cast: Magic Dart        |    71 |    11 ||    82
         Searing Ray       |    14 |     4 ||    18
         Fulminant Prism   |       |     5 ||     5
    Use: Scroll            |     6 |     3 ||     9
 Armour: Robe              |    18 |     6 ||    24
  Dodge: Dodged            |    35 |    22 ||    57
